 Dungeon Crawl Stone Soup version 0.32-a0-938-g40ac7a0 (webtiles) character file.

Game seed: 8676868667877812428

17808 Rogue the Thaumaturge (level 12, -10/70 HPs)
             Began as an Octopode Alchemist on Apr 20, 2024.
             Was a Believer of Vehumet.
             Killed from afar by a lindwurm (27 damage)
             ... with a blast of flame
             ... summoned by Kirke
             ... on level 2 of the Lair of Beasts.
             The game lasted 01:25:15 (13487 turns).

Rogue the Thaumaturge (Octopode Alchemist)         Turns: 13487, Time: 01:25:16

Health: -10/70     AC:  1    Str: 20    XL:     12   Next: 51%
Magic:  21/35      EV: 32    Int: 28    God:    Vehumet [**....]
Gold:   325        SH: 12    Dex: 18    Spells: 7/32 levels left

rFire   . . .        U - staff of conjuration
rCold   + . .        m - +2 kite shield
rNeg    . . .        (helmet restricted)
rPois   .            q - amulet of the acrobat
rElec   .            d - ring of magical power
rCorr   .            g - ring of protection from cold
SInv    .            n - +5 ring of evasion
Will    .....        p - +6 ring of strength
Stlth   ++++         w - +6 ring of strength
HPRegen 0.31/turn    y - +6 ring of dexterity
MPRegen 0.24/turn    A - +6 ring of intelligence
                     I - ring of wizardry

%: acrobat, wizardry (x1)
@: acrobatic
A: almost no armour, amphibious, 8 rings, camouflage 1, gelatinous body 1,
(nimble swimmer 1), tentacles
a: Renounce Religion


You were on level 2 of the Lair of Beasts.
You worshipped Vehumet.
Vehumet was pleased with you.
You visited 3 branches of the dungeon, and saw 14 of its levels.

You collected 775 gold pieces.
You spent 450 gold pieces at shops.

Inventory:

Hand Weapons
 i - a +0 sling
 G - a +5 falchion
 O - a +2 trident of draining
Missiles
 e - 2 boomerangs (quivered)
 f - 3 javelins
 j - 33 poisoned darts
 s - 2 curare-tipped darts
 L - 6 atropa-tipped darts
Armour
 m - a +2 kite shield (worn)
Magical Staves
 U - a staff of conjuration (weapon)
Jewellery
 d - a ring of magical power (left tentacle)
 g - a ring of protection from cold (right tentacle)
 n - a +5 ring of evasion (on tentacle)
 p - a +6 ring of strength (on tentacle)
 q - an amulet of the acrobat (around mantle)
 w - a +6 ring of strength (on tentacle)
 y - a +6 ring of dexterity (on tentacle)
 A - a +6 ring of intelligence (on tentacle)
 C - a ring of ice
 I - a ring of wizardry (on tentacle)
 J - an amulet of regeneration
 P - a ring of protection from fire
 Q - a ring of ice
 R - an amulet of magic regeneration
Talismans
 H - a talisman of death
Wands
 E - a wand of warping (15)
 F - a wand of flame (31)
 K - a wand of polymorph (5)
Scrolls
 h - a scroll of torment
 l - a scroll of blinking
 o - a scroll of silence
 r - a scroll of teleportation
 t - 3 scrolls of poison {unknown}
 u - 2 scrolls of fog {unknown}
 x - 2 scrolls of fear {unknown}
 z - 4 scrolls of amnesia {unknown}
 B - 2 scrolls of immolation {unknown}
 D - 2 scrolls of revelation {unknown}
Potions
 a - 2 potions of magic
 b - 3 potions of resistance
 c - 2 potions of curing
 k - 2 potions of brilliance
 v - a potion of haste
 M - a potion of experience {unknown}
 N - a potion of attraction {unknown}
 S - a potion of ambrosia {unknown}
 T - a potion of berserk rage {unknown}


   Skills:
 + Level 2.3 Fighting
 + Level 3.4 Long Blades
 + Level 2.3 Polearms
 + Level 2.6 Throwing
 + Level 3.3 Dodging
 + Level 4.9 Stealth
 * Level 6.5 Shields
 + Level 2.3 Unarmed Combat
 * Level 10.7 Spellcasting
 * Level 6.1 Conjurations
 + Level 4.7 Summonings
 * Level 7.8 Air Magic
 + Level 9.0 Alchemy


You had 7 spell levels left.
You knew the following spells:

 Your Spells              Type           Power      Damage    Failure   Level
a - Sting                 Conj/Alch      100%       1d9       1%          1
b - Mephitic Cloud        Conj/Alch/Air  72%        N/A       1%          3
c - Olgreb's Toxic Radia  Alch           60%        N/A       1%          4
d - Airstrike             Air            28%        2d(4-20)  1%          4
e - Summon Lightning Spi  Summ/Air       50%        N/A       2%          4
f - Ignite Poison         Fire/Alch      40%        N/A       4%          4
g - Freezing Cloud        Conj/Ice/Air   29%        6-21      13%         5

Your spell library contained the following spells:

 Spells                   Type           Power      Damage    Failure   Level
 Searing Ray              Conj           100%       2d8       1%          2
 Foxfire                  Conj/Fire      100%       2x1d9     1%          1
 Cigotuvi's Dreadful Rot  Necr/Alch/Air  92%        N/A       1%          2
 Mercury Vapours          Alch/Air       100%       N/A       1%          2
 Static Discharge         Conj/Air       100%       3-8/arc   1%          2
 Slow                     Hex            60%        N/A       3%          1
 Sticky Flame             Fire/Alch      40%        2d8       4%          4
 Confusing Touch          Hex            15%        N/A       10%         3
 Vampiric Draining        Necr           15%        2d7       10%         3
 Plasma Beam              Fire/Air       18%        2x1d30    65%         6
 Starburst                Conj/Fire      24%        6d8       77%         6


Dungeon Overview and Level Annotations

Branches:
Dungeon (10/15)            Temple (1/1) D:7            Lair (3/5) D:10
  Swamp (0/4) Lair:2        Snake (0/4) Lair:2
    Orc: D:9-12

Altars:
Ashenzari
Cheibriados
Dithmenos
Elyvilon
Fedhas
Gozag
Hepliaklqana
Kikubaaqudgha
Makhleb
Nemelex Xobeh
Okawaru
Qazlal
Ru
Sif Muna
Trog
Uskayaw
Vehumet
Wu Jian
Xom
Yredelemnul
Zin
The Shining One

Shops:
D:2 [   D:3 (   D:5 =

Annotations:
Lair:2 Kirke


Innate Abilities, Weirdness & Mutations

You cannot wear most types of armour.
You are amphibious.
You can wear up to eight rings at the same time.
Your skin changes colour to match your surroundings (Stealth+).
Your rubbery body absorbs attacks. (AC +1, EV +1)
((You are camouflaged when in or above water. (Stealth+)))
You have tentacles for arms and can constrict up to eight enemies at once.


Message History

Your transformation is almost over.
You feel less porcine.
Your staff of conjuration unmelds from your body.
Your +2 kite shield unmelds from your body.
Your ring of magical power unmelds from your body.
Your ring of protection from cold unmelds from your body.
Your +5 ring of evasion unmelds from your body.
Your +6 ring of strength unmelds from your body. x2
Your +6 ring of dexterity unmelds from your body.
Your +6 ring of intelligence unmelds from your body.
Your ring of wizardry unmelds from your body.
You feel your magic capacity increase.
You feel stronger. x2; You feel agile.
You feel clever.
Unknown command.
Casting: Olgreb's Toxic Radiance (dangerous; 1% risk of failure)
Confirm with . or Enter, or press ? or * to list all spells.
Aiming: Mephitic Cloud (safe; 1% risk of failure)
Press: ? - help, Shift-Dir - straight line You feel a surge of power!
The ball explodes into a vile cloud!
The stinking cloud engulfs Kirke.
Kirke is heavily wounded.
Unknown command.
Unknown command.
Kirke is engulfed in noxious fumes.
Casting: Mephitic Cloud (safe; 1% risk of failure)
Confirm with . or Enter, or press ? or * to list all spells.
An electric hum fills the air.
Kirke is engulfed in noxious fumes.
Unknown command.
Kirke barely misses your lightning spire.
Your lightning spire shoots out a bolt of lightning at Kirke!
The bolt of electricity hits Kirke!
Kirke hits your lightning spire!
Kirke mumbles some strange words.
Kirke summons a lindwurm!
Your lightning spire shoots out a bolt of lightning at Kirke!
The bolt of electricity hits Kirke!
You feel yourself speed up. Kirke hits your lightning spire!
The lindwurm breathes flames at you. The blast of flame hits you!!
You die...

##.............#.#.#..)....@P...
#..........#................###.
##.........#..........####...##.
###.........#...#....#####.P.#.#.
.##......#.##..####..#.#.........
###......#..#..# ##..#........#..
<..........P#..# #P..#§§.....♣##.
...............####..°.#..♣.♣# #.
...........P....@..I@...~♣.♣.♣♣#.
.........#.#P.....k....#♣§♣.♣~♣..
.##.............P####..#..§§♣..##
##.......#####.### ###♣♣♣♣§♣~..#
##........# ### #..♣~♣###
#.......## ♣#♣.♣# ####..#.# ###
######


You could see Kirke (distracted, ally target), a lindwurm (summoned, catching
breath) and a friendly lightning spire (summoned).

Vanquished Creatures
  An eleionoma (Lair:2)
  Harold (D:9)
  A hydra (Lair:3)
  Fannar (D:10)
  A two-headed ogre (D:10)
  Erolcha (D:9)
  Sonja (Lair:1)
  A salamander (Lair:2)
  4 cane toads (Lair:1)
  A komodo dragon (Lair:1)
  Prince Ribbit (D:9)
  A troll (D:7)
  9 blink frogs (Lair:2)
  15 yaks
  A wyvern (Lair:2)
  A hog (Lair:2)
  A vampire (D:8)
  2 steam dragons
  An acid dragon (D:10)
  6 water moccasins
  2 orc warriors
  5 sky beasts
  A black bear (Lair:1)
  4 centaurs
  2 ogres
  A phantom (D:5)
  2 kobold brigands
  A gnoll sergeant (D:9)
  2 scorpions
  10 bullfrogs
  8 wights
  31 killer bees
  2 howler monkeys
  An electric eel (Lair:2)
  2 bombardier beetles
  4 lava snakes (Lair:2)
  4 hounds
  A gnoll bouda (D:8)
  An orc wizard (D:8)
  4 iguanas
  11 gnolls
  11 adders
  A shadow imp (D:5)
  2 white imps
  4 ufetubi
  5 dart slugs
  13 orcs
  5 endoplasms
  A giant cockroach (D:3)
  8 goblins
  3 hobgoblins
  3 quokkas
  8 ball pythons
  4 bats
  A frilled lizard (D:3)
  11 kobolds
  4 rats
234 creatures vanquished.

Vanquished Creatures (collateral kills)
  Jeremiah (D:9)
  A wraith (D:10)
  A yak (D:9)
  2 hogs (Lair:2)
  2 water moccasins (Lair:2)
  2 bullfrogs
  A gnoll bouda (D:10)
  A gnoll (D:9)
11 creatures vanquished.

Grand Total: 245 creatures vanquished

Notes
Turn   | Place    | Note
-------+----------+-------------------------------------------
     0 | D:1      | Rogue the Octopode Alchemist began the quest for the Orb.
     0 | D:1      | Reached XP level 1. HP: 11/11 MP: 3/3
   327 | D:1      | Reached XP level 2. HP: 5/17 MP: 0/5
  1192 | D:2      | Found Ehapue's Antique Armour Boutique.
  1290 | D:2      | Reached XP level 3. HP: 20/21 MP: 6/6
  1294 | D:2      | Learned a level 3 spell: Mephitic Cloud
  1825 | D:3      | Found Terr's Antique Weapon Emporium.
  1846 | D:3      | Reached skill level 1 in Air Magic
  1846 | D:3      | Reached XP level 4. HP: 17/27 MP: 7/7
  1895 | D:3      | Found a glowing silver altar of Zin.
  2380 | D:4      | Noticed an ogre
  2481 | D:4      | Noticed a scorpion
  2531 | D:4      | Killed a scorpion
  2532 | D:4      | Reached XP level 5. HP: 10/31 MP: 6/8
  2642 | D:4      | Reached XP level 6. HP: 36/36 MP: 10/10
  2647 | D:4      | Learned a level 4 spell: Olgreb's Toxic Radiance
  2802 | D:4      | Reached skill level 3 in Spellcasting
  2918 | D:4      | Reached skill level 1 in Throwing
  2918 | D:4      | Reached skill level 1 in Unarmed Combat
  3048 | D:5      | Entered Level 5 of the Dungeon
  3191 | D:5      | Noticed a sky beast
  3211 | D:5      | Killed a sky beast
  3212 | D:5      | Reached skill level 5 in Alchemy
  3212 | D:5      | Reached XP level 7. HP: 21/42 MP: 10/11
  3430 | D:5      | Learned a level 4 spell: Airstrike
  3524 | D:5      | Found Bas Olits's Jewellery Emporium.
  4148 | D:5      | Found a blossoming altar of Fedhas.
  4157 | D:5      | Found a bloodstained altar of Trog.
  4372 | D:6      | Found a glowing golden altar of the Shining One.
  4372 | D:6      | Found a shimmering blue altar of Sif Muna.
  4464 | D:6      | Reached skill level 4 in Spellcasting
  4464 | D:6      | Reached XP level 8. HP: 47/47 MP: 14/14
  4984 | D:6      | Reached skill level 1 in Long Blades
  5445 | D:7      | Noticed a troll
  5454 | D:7      | Killed a troll
  5455 | D:7      | Reached skill level 1 in Fighting
  5460 | D:7      | Learned a level 4 spell: Summon Lightning Spire
  5556 | D:7      | Reached skill level 5 in Spellcasting
  5556 | D:7      | Reached XP level 9. HP: 18/53 MP: 16/16
  5720 | D:8      | Reached skill level 1 in Summonings
  6084 | D:8      | Reached skill level 6 in Spellcasting
  6258 | D:7      | Reached skill level 5 in Air Magic
  6480 | D:7      | Found a staircase to the Ecumenical Temple.
  6496 | Temple   | Entered the Ecumenical Temple
  6567 | Temple   | Became a worshipper of Vehumet
  6968 | D:7      | Reached skill level 7 in Spellcasting
  7082 | D:7      | Reached XP level 10. HP: 58/58 MP: 17/20
  7269 | D:5      | Bought a ring of wizardry for 450 gold pieces
  7633 | D:9      | Reached skill level 1 in Shields
  7695 | D:9      | Noticed Harold
  7718 | D:9      | Killed Harold
  7979 | D:9      | Reached * piety under Vehumet
  7979 | D:9      | Offered knowledge of Magic Dart by Vehumet.
  8089 | D:9      | Noticed Erolcha
  8105 | D:9      | Killed Erolcha
  8106 | D:9      | Reached skill level 8 in Spellcasting
  8334 | D:9      | Noticed Jeremiah
  8342 | D:9      | Killed Jeremiah
  8564 | D:9      | Reached skill level 1 in Polearms
  8674 | D:9      | Noticed Prince Ribbit
  8678 | D:9      | Killed Prince Ribbit
  8832 | D:10     | Entered Level 10 of the Dungeon
  8890 | D:10     | Learned a level 4 spell: Ignite Poison
  8896 | D:10     | Learned a level 5 spell: Freezing Cloud
  9197 | D:10     | Reached XP level 11. HP: 54/63 MP: 19/23
  9567 | D:10     | Noticed a two-headed ogre
  9576 | D:10     | Killed a two-headed ogre
  9577 | D:10     | Reached skill level 5 in Conjurations
  9866 | D:10     | Noticed Fannar
  9872 | D:10     | Killed Fannar
 10355 | D:10     | Found a staircase to the Lair.
 10565 | Lair:1   | Entered Level 1 of the Lair of Beasts
 10568 | Lair:1   | Noticed Sonja
 10577 | Lair:1   | Killed Sonja
 10586 | Lair:1   | Reached skill level 5 in Shields
 10586 | Lair:1   | Reached skill level 9 in Spellcasting
 10797 | Lair:1   | Offered knowledge of Kiss of Death by Vehumet.
 10923 | Lair:1   | Reached ** piety under Vehumet
 11929 | Lair:2   | Found a staircase to the Swamp.
 11929 | Lair:2   | Noticed an eleionoma
 11935 | Lair:2   | Killed an eleionoma
 11940 | Lair:2   | Reached skill level 10 in Spellcasting
 11940 | Lair:2   | Reached XP level 12. HP: 70/70 MP: 15/26
 12069 | Lair:2   | Found a staircase to the Snake Pit.
 13064 | Lair:3   | Noticed a six-headed hydra
 13077 | Lair:3   | Killed a six-headed hydra
 13214 | Lair:3   | Noticed Kirke
 13225 | Lair:2   | Offered knowledge of Searing Ray by Vehumet.
 13487 | Lair:2   | Killed from afar by a lindwurm

Illustrated notes

Levels and vault maps discovered:
D:1:      ldierk_walled_garden_2, layout_basic
D:2:      layout_rooms, serial_shops, nicolae_shop_behind_doors
D:3:      layout_basic, nicolae_overflow_crystal_walls, serial_shops,
          nicolae_shop_temple_entry_statues_fountains
D:4:      layout_rooms
D:5:      layout_loops_corners, mainiacjoe_overflow_swirl, serial_shops,
          nicolae_shop_rolling_square
D:6:      layout_basic, amethyst_overflow_temple_binary
D:7:      kennysheep_six_static_rooms, layout_cave_pools,
          minmay_temple_entry_offerings
D:8:      layout_rooms
D:9:      layout_loops_cross, uniq_prince_ribbit1, uniq_harold, uniq_erolcha,
          uniq_jeremiah
D:10:     layout_basic, lair_entry_dummy, uniq_fannar
Temple:   minmay_temple_bridge_d
Lair:1:   layout_cave_pods, uniq_sonja
Lair:2:   layout_gridlike, alex1729_swamp_entry_worm_eleionoma,
          nicolae_snake_entry_warm_welcome, infiniplex_staircase_pool_2
Lair:3:   layout_regular_city, bh_autumn_forest_stairs, uniq_kirke

Skill      XL: |  1  2  3  4  5  6  7  8  9 10 11 12 |
---------------+-------------------------------------+-----
Alchemy        | 4 5 6 7 8 9 |  9.0
Air Magic      | 1 2 3 4 5 6 7 |  7.8
Conjurations   | 2 3 4 5 6 |  6.1
Spellcasting   | 3 4 5 7 8 10 | 10.7
Throwing       | 1 2 |  2.6
Unarmed Combat | 1 2 |  2.3
Dodging        | 3 |  3.3
Long Blades    | 2 3 |  3.4
Fighting       | 1 2 |  2.3
Summonings     | 2 4 |  4.7
Shields        | 4 5 6 |  6.5
Stealth        | 3 4 |  4.9
Polearms       | 1 2 |  2.3

Action                     |  1- 3 |  4- 6 |  7- 9 | 10-12 || total
---------------------------+-------+-------+-------+-------++-------
  Melee: Unarmed           |    20 |    48 |    22 |    11 ||   101
         Constrict         |     8 |    12 |    23 |    10 ||    53
         Tentacles         |     5 |     5 |    29 |    16 ||    55
         Punch             |       |     1 |     2 |       ||     3
         Falchion          |       |       |    53 |    15 ||    68
         Trident           |       |       |       |    46 ||    46
         Staff             |       |       |       |     3 ||     3
  Throw: Boomerang         |    10 |    15 |     2 |     1 ||    28
         Dart              |       |     2 |     3 |       ||     5
         Javelin           |       |       |    19 |       ||    19
   Cast: Sting             |    54 |    36 |    58 |    19 ||   167
         Mephitic Cloud    |       |     6 |    36 |    46 ||    88
         Olgreb's Toxic Ra |       |       |    19 |    48 ||    67
         Airstrike         |       |       |     9 |    29 ||    38
         Summon Lightning  |       |       |       |    21 ||    21
         Ignite Poison     |       |       |       |    21 ||    21
  Evoke: Wand              |       |       |     1 |     5 ||     6
    Use: Scroll            |       |     7 |     3 |     5 ||    15
         Potion            |       |     2 |     2 |     4 ||     8
   Stab: Sleeping          |     2 |     1 |       |       ||     3
         Confused          |       |       |     8 |     8 ||    16
         Distracted        |       |       |       |     2 ||     2
 Armour: Skin              |    12 |    25 |    28 |    43 ||   108
  Dodge: Dodged            |    15 |    62 |    80 |    72 ||   229
  Block: Kite shield       |       |       |       |    36 ||    36
         Buckler           |       |       |       |     3 ||     3

Table legend: (Time is in decaauts)
 A = Elapsed time spent in this place.
 B = Non-inter-level travel time spent in this place.
 C = Inter-level travel time spent in this place.
 D = Time resting spent in this place.
 E = Time spent auto-exploring this place.
 F = Levels seen in this place.
 G = Mean time per level.
                   A        B        C        D        E       F      G
               +--------+--------+--------+--------+--------+-----+--------+
         Total |  13529 |  12526 |   1003 |    559 |   9946 |  14 |  966.4 |
       Dungeon |  10444 |   9684 |    760 |    326 |   7727 |  10 | 1044.4 |
        Temple |    142 |      2 |    140 |      0 |      0 |   1 |  142.0 |
          Lair |   2942 |   2839 |    103 |    233 |   2219 |   3 |  980.7 |
               +--------+--------+--------+--------+--------+-----+--------+

Top non-repeatable levels by time:
  Lair:2: 1593 daAuts
    D:10: 1473 daAuts
  Lair:1: 1309 daAuts
     D:5: 1285 daAuts
     D:6: 1221 daAuts
     D:1: 1184 daAuts
     D:9: 1157 daAuts
     D:8: 1145 daAuts
     D:7: 996 daAuts
     D:3: 710 daAuts
     D:4: 706 daAuts
     D:2: 561 daAuts
  Temple: 142 daAuts
  Lair:3: 39 daAuts
